Description

As the title says, this is just a copy of PiG's beginning Protoss build order, removing the MSC since it is no longer available in the latest patch. If anyone has ideas on how to tighten it up or what to do to replace the MSC in the order, please make suggestions.

Build Order

Get SALT Encoding   

  12  0:00  Probe  
  13  0:11  Probe  
  14  0:21  Pylon  
  14  0:23  Probe  
  15  0:39  Probe  
  15  0:40  Gateway  
  16  0:45  Assimilator  
  16  0:49  Probe  
  17  1:01  Probe  
  18  1:12  Probe  
  19  1:24  Nexus  
  19  1:36  Cybernetics Core  
  19  1:39  Probe  
  20  1:50  Probe  
  20  1:52  Pylon  
  21  2:00  Probe  
  22  2:12  Adept, Warp Gate (Chrono Boost)  
  28  2:45  Adept  
  28  2:50  Gateway x2  
  31  2:57  Assimilator  
  34  3:12  Pylon  
  35  3:14  Adept  
  41  3:35  Robotics Facility  
  41  3:40  Twilight Council  
  43  3:51  Pylon  
  47  4:15  Adept x3, Resonating Glaives (Chrono Boost)  
  54  4:20  Assimilator x2  
  54  4:23  Observer  
  58  4:37  Adept x2  
  62  4:41  Pylon  
  62  4:54  Immortal  
  68  5:10  Gateway x4  
  69  5:20  Adept  
  72  5:28  Immortal  
  76  5:44  Nexus  
Spawning Tool Build Advisor. Get it on Overwolf

Go to:

Details

  • Created by: ElricTheMad
  • Published on: Nov 30, 2017
  • Modified on: Nov 30, 2017
  • Patch: 4.0.0
Show
View Real Time Build Order
Export as new Build Order

Comments (1)

On April 12, 2018, 11:52 a.m., ewilkinson  said:

I've noticed that this build has no way to defend against flying units, I've been swapping the Adepts for Stalkers to compensate and it seems to be working properly well

Create an account to comment!